 Dungeon Crawl Stone Soup version 0.25-a0-1133-g93ebf739aa (webtiles) character file.

Game seed: 5306948418673207454, levelgen mode: deterministic

56 Flugslaktarn the Covered (level 3, -2/34 HPs)
             Began as a Deep Dwarf Fighter on May 20, 2020.
             Slain by Grinder (7 damage)
             ... while paralysed by Grinder
             ... on level 3 of the Dungeon.
             The game lasted 00:00:20 (282 turns).

Flugslaktarn the Covered (Deep Dwarf Fighter)        Turns: 282, Time: 00:00:21

Health: -2/34      AC:  7    Str: 20    XL:     3   Next: 71%
Magic:  3/3        EV:  2    Int:  8    God:
Gold:   35         SH:  0    Dex: 12    Spells: 2/2 levels left

rFire    . . .     SeeInvis .   a - +0 war axe
rCold    . . .     Gourm    .   c - +0 kite shield
rNeg     . . .     Faith    .   b - +0 scale mail
rPois    .         Spirit   .   (no helmet)
rElec    .         Reflect  .   (no cloak)
rCorr    .         Harm     .   (no gloves)
MR       .....                  (no boots)
Stlth    ..........             (no amulet)
HPRegen  0.00/turn              (no ring)
MPRegen  0.08/turn              (no ring)

@: paralysed, non-regenerating
A: damage resistance, heal wounds, sense surroundings 1, no regeneration
a: Heal Wounds


You were on level 3 of the Dungeon.
You were not hungry.

You visited 1 branch of the dungeon, and saw 3 of its levels.

You collected 35 gold pieces.

Inventory:

Hand Weapons
 a - a +0 war axe (weapon)
Missiles
 k - 2 throwing nets (quivered)
Armour
 b - a +0 scale mail (worn)
 c - a +0 kite shield (worn)
Scrolls
 f - 2 scrolls of identify {unknown}
 g - a scroll of enchant armour {unknown}
 h - a scroll of immolation {unknown}
 i - 3 scrolls of random uselessness {unknown}
Potions
 d - a potion of might
Comestibles
 e - 2 rations
 j - 5 chunks of flesh


   Skills:
 + Level 3.1 Fighting
 * Level 3.3 Axes
 + Level 3.7 Armour
 + Level 3.7 Shields


You had 2 spell levels left.
You didn't know any spells.
Your spell library was empty.

Dungeon Overview and Level Annotations

Branches:
Dungeon (2/15)

Altars:
Ashenzari
Vehumet

Annotations:
D:3 Grinder


Innate Abilities, Weirdness & Mutations

You are resistant to damage.
You can heal yourself by infusing magical energy.
You passively map a small area around you.
You do not regenerate.


Message History

Grinder is lightly wounded.
You block Grinder's attack.
You slash Grinder!
Grinder is heavily wounded.
Grinder hits you but does no damage. Grinder hits you.
You hit Grinder.
Grinder is heavily wounded.
Grinder hits you.
You writhe in agony.
You hit Grinder but do no damage.
Grinder is heavily wounded.
Grinder gestures at you.
You suddenly lose the ability to move!
Grinder gestures at you. You resist with significant effort. Grinder hits you.
* * * LOW HITPOINT WARNING * * *
You writhe in agony.
* * * LOW HITPOINT WARNING * * *
Grinder hits you!
You die...

, ###.........###. , , ,
#...............
#.#...........>. , , **
.###..._..⌠.._....÷ ,
,.................)) , ,
..............).... .
,*** #...........####
....######.#.......#.#**
........@5...............
,,
.........................
,
......#.##.##...##.#.....
*,
.........................
#.#.........##...#.#.....
)...!##.##.###...#.#.....
#..........# #...#.# ....
, .... ##.##.. .... **, ,
,, ,


You could see Grinder.

Vanquished Creatures
  An orc wizard (D:3)
  An adder (D:3)
  3 orcs (D:3)
  4 bats
  A giant cockroach (D:1)
  6 hobgoblins
  A kobold (D:1)
  A frilled lizard (D:3)
  A rat (D:3)
19 creatures vanquished.

Notes
Turn   | Place    | Note
-------+----------+-------------------------------------------
     0 | D:1      | Flugslaktarn the Deep Dwarf Fighter began the quest for the
                  | Orb.
     0 | D:1      | Reached XP level 1. HP: 20/20 MP: 1/1
   129 | D:1      | Reached XP level 2. HP: 24/27 MP: 2/2
   160 | D:2      | You fall into a shaft and drop 1 floor!
   160 | D:3      | Found a shattered altar of Ashenzari.
   160 | D:3      | Found a radiant altar of Vehumet.
   232 | D:3      | Reached XP level 3. HP: 14/34 MP: 3/3
   260 | D:3      | Noticed Grinder
   267 | D:3      | Paralysed by Grinder for 6 turns
   280 | D:3      | Paralysed by Grinder for 6 turns
   282 | D:3      | Slain by Grinder

Illustrated notes

Levels and vault maps discovered:
D:1:      psy_arrival_heroes, layout_basic
D:2:      layout_basic, overflow_temple_1_default, grunt_qazlal_clouds,
          uniq_terence, uniq_robin
D:3:      layout_basic, nemelex_altar_shiori, grunt_temple_overflow_open,
          chequers_ecumenical_altar_simple, first_ration, due_unseen_surprise,
          uniq_grinder, uniq_ijyb

Skill      XL: |  1  2 |
---------------+-------+-----
Fighting       | 3 |  3.1
Axes           | 3 |  3.3
Armour         | |  3.7
Shields        | |  3.7

Action                   || total
-------------------------++-------
Melee: War axe           ||    63
 Abil: Heal Wounds       ||     1
Armor: Scale mail        ||    36
Dodge: Dodged            ||    31
Block: Kite shield       ||    43

Table legend:
 A = Non-vault XP
 B = Vault XP
 C = Vault XP percentage of total XP
 D = Non-vault monster count
 E = Vault monster count
 F = Vault count percentage of total count
                 A         B        C        D         E       F
            +---------+---------+-------+---------+---------+-------
      Total |      81 |       0 |   0.0 |      19 |       0 |   0.0
            +---------+---------+-------+---------+---------+-------
        D:1 |      13 |       0 |   0.0 |       7 |       0 |   0.0
        D:3 |      68 |       0 |   0.0 |      12 |       0 |   0.0
            +---------+---------+-------+---------+---------+-------
